 Dungeon Crawl Stone Soup version 0.29-a0-221-gceb61267dd (webtiles) character file.

Game seed: 14727802257659410714

249 horus123 the Magician (level 5, -2/38 HPs)
             Began as a Demigod Conjurer on Feb 26, 2022.
             Succumbed to a scorpion's poison
             ... on level 4 of the Dungeon.
             The game lasted 00:05:15 (3656 turns).

horus123 the Magician (Demigod Conjurer)            Turns: 3656, Time: 00:05:17

Health: -2/38      AC:  3    Str:  8    XL:     5   Next: 56%
Magic:  15/15      EV: 12    Int: 24    God:
Gold:   115        SH:  0    Dex: 12    Spells: 2/14 levels left

rFire   . . .      SeeInvis +   f - +3 scythe (flame)
rCold   . . .      Faith    .   (shield currently unavailable)
rNeg    . . .      Spirit   .   a - +1 robe
rPois   .          Reflect  .   (no helmet)
rElec   .          Harm     .   (no cloak)
rCorr   .          Rampage  .   (no gloves)
Will    .....                   (no boots)
Stlth   ++........              (no amulet)
HPRegen 0.12/turn               h - ring of see invisible
MPRegen 0.14/turn               (no ring)

@: lethally poisoned (-2 -> -16), weak-willed
A: high MP 1, forlorn, divine attributes
a: no special abilities


You were on level 4 of the Dungeon.
You visited 1 branch of the dungeon, and saw 4 of its levels.

You collected 115 gold pieces.

Inventory:

Hand Weapons
 f - a +3 scythe of flaming (weapon)
Armour
 a - a +1 robe (worn)
Jewellery
 h - a ring of see invisible (left hand)
Potions
 c - a potion of brilliance
 d - a potion of magic
 e - a potion of degeneration {unknown}
 g - a potion of attraction {unknown}
 i - a potion of might {unknown}


   Skills:
 - Level 1.7 Dodging
 - Level 1.7 Stealth
 - Level 5.0 Spellcasting
 + Level 4.0 Conjurations


You had 2 spell levels left.
You knew the following spells:

 Your Spells              Type           Power      Damage    Failure   Level
a - Magic Dart            Conj           100%       1d8       1%          1
b - Searing Ray           Conj           50%        2d6       2%          2
c - Iskenderun's Mystic   Conj/Tloc      15%        2d5       36%         4
d - Iskenderun's Battles  Conj           25%        2d8       43%         5

Your spell library contained the following spells:

 Spells                   Type           Power      Damage    Failure   Level
 Dazzling Flash           Conj/Hex       30%        N/A       12%         3
 Fulminant Prism          Conj/Hex       7%         3d7       36%         4
 Iron Shot                Conj/Erth      7%         9d2       99%         6
 Spellforged Servitor     Conj/Summ      7%         N/A       100%        7


Dungeon Overview and Level Annotations

Branches:
Dungeon (4/15)
 Temple: D:4-7

Shops:
D:2 !


Innate Abilities, Weirdness & Mutations

You have an increased reservoir of magic. (+10% MP)
You shall have no god before yourself.
Your divine heritage dramatically boosts your attributes as you level up.


Message History

Found a stone staircase leading down.
The magic dart hits the scorpion.
The scorpion is lightly wounded.
The scorpion stings you!
The magic dart hits the scorpion.
The scorpion is moderately wounded.
The scorpion stings you.
You are poisoned.
The scorpion poisons you!
You barely miss the scorpion.
The scorpion is moderately wounded.
You feel very sick.
The scorpion stings you but does no damage.
The scorpion closely misses you.
You hit the scorpion. You burn the scorpion.
The scorpion is heavily wounded.
You feel very sick. The scorpion barely misses you.
The scorpion closely misses you. The scorpion stings you!
You are lethally poisoned!
The scorpion poisons you!
It was a potion of magic.
Magic courses through your body.
* * * LOW HITPOINT WARNING * * *
You feel very sick. The scorpion stings you.
* * * LOW HITPOINT WARNING * * *
You are more poisoned.
The scorpion poisons you!
You feel better.
The adder hisses angrily.
The scorpion stings you.
* * * LOW HITPOINT WARNING * * *
As you read the scroll labelled XUMILA PECOAS, it crumbles to dust.
Magic quickly surges around you.
It was a scroll of vulnerability.
The scorpion stings you.
* * * LOW HITPOINT WARNING * * *
You are lethally poisoned!
The scorpion poisons you!
Okay, then.
You die...

#.J #####.####
..(..... ..#...#
#######.##..#
#.###.......##.<#.###
>...?.................
###....#####....#####
#...@.......###
#.Ss#######... #...#
###.. .....# ....
.......# ..= #.......#
.. ##+##.### #.


You could see a scorpion (weak-willed) and an adder (weak-willed).

Vanquished Creatures
  Sigmund (D:2)
  3 adders (D:3)
  A worm (D:2)
  A dart slug (D:3)
  3 ball pythons
  9 endoplasms
  3 giant cockroaches
  7 goblins
  6 hobgoblins
  5 quokkas
  7 bats
  5 frilled lizards
  9 kobolds
  5 rats
65 creatures vanquished.

Notes
Turn   | Place    | Note
-------+----------+-------------------------------------------
     0 | D:1      | horus123 the Demigod Conjurer began the quest for the Orb.
     0 | D:1      | Reached XP level 1. HP: 14/14 MP: 5/5
    49 | D:1      | Reached skill level 2 in Spellcasting
   318 | D:1      | Reached XP level 2. HP: 20/20 MP: 6/8
   538 | D:1      | Learned a level 2 spell: Searing Ray
  1015 | D:1      | Reached skill level 3 in Spellcasting
  1615 | D:2      | Found Piohew's Distillery.
  1618 | D:2      | Reached XP level 3. HP: 26/26 MP: 7/10
  1964 | D:2      | Noticed Sigmund
  2064 | D:2      | Killed Sigmund
  2065 | D:2      | Reached skill level 4 in Spellcasting
  2065 | D:2      | Reached XP level 4. HP: 25/33 MP: 1/13
  2065 | D:2      | Reached XP level 5. HP: 28/38 MP: 1/15
  2392 | D:2      | Learned a level 4 spell: Iskenderun's Mystic Blast
  2398 | D:2      | Learned a level 5 spell: Iskenderun's Battlesphere
  2658 | D:3      | Reached skill level 5 in Spellcasting
  3655 | D:4      | HP: 1/38 [scorpion (3)]
  3656 | D:4      | Succumbed to a scorpion's poison

Illustrated notes

Levels and vault maps discovered:
D:1:      dpeg_arrival_arbitrary_a, layout_basic,
          hellmonk_ecumenical_altar_heavens_door
D:2:      layout_loops_ring, serial_glass, glass_columns_b, glass_columns_a,
          serial_shops, nicolae_shop_advertising_works
          [nicolae_subvault_shop_adworks], uniq_sigmund
D:3:      minmay_general_purpose_star, layout_basic, nicolae_vehumet_radiance,
          mainiacjoe_overflow_boulevard
D:4:      layout_basic, mainiacjoe_overflow_six_doors_small,
          kennysheep_orc_sif_temple, saegor_snake_ambush

Skill      XL: |  1  2  3  4  5 |
---------------+----------------+-----
Spellcasting   | 2 3 4 5 |  5.0
Conjurations   | 4 |  4.0
Dodging        | |  1.7
Stealth        | |  1.7

Action                   |  1- 3 |  4- 6 || total
-------------------------+-------+-------++-------
Melee: Unarmed           |    12 |       ||    12
       Scythe            |       |    24 ||    24
 Cast: Magic Dart        |    83 |    27 ||   110
       Searing Ray       |     3 |       ||     3
  Use: Scroll            |     2 |     5 ||     7
       Potion            |       |     2 ||     2
 Stab: Sleeping          |       |     3 ||     3
Armor: Robe              |     7 |     7 ||    14
Dodge: Dodged            |    25 |    14 ||    39

Table legend: (Time is in decaauts)
 A = Elapsed time spent in this place.
 B = Non-inter-level travel time spent in this place.
 C = Inter-level travel time spent in this place.
 D = Time resting spent in this place.
 E = Time spent auto-exploring this place.
 F = Levels seen in this place.
 G = Mean time per level.
                   A        B        C        D        E       F      G
               +--------+--------+--------+--------+--------+-----+--------+
         Total |   3679 |   3600 |     79 |    383 |   2805 |   4 |  919.8 |
       Dungeon |   3679 |   3600 |     79 |    383 |   2805 |   4 |  919.8 |
               +--------+--------+--------+--------+--------+-----+--------+

Top non-repeatable levels by time:
     D:1: 1690 daAuts
     D:3: 1006 daAuts
     D:2: 962 daAuts
     D:4: 19 daAuts
